 Dungeon Crawl Stone Soup version 0.29.1-1-gd02db6906a (webtiles) character file.

Game seed: 16430836971696619937

12 funnyparkerb the Trooper (level 2, -6/16 HPs)
             Began as a Vine Stalker Monk on Sept 29, 2022.
             Mangled by a gnoll
             ... wielding a +0 halberd
              (14 damage)
             ... on level 2 of the Dungeon.
             The game lasted 00:00:44 (1050 turns).

funnyparkerb the Trooper (Vine Stalker Monk)        Turns: 1050, Time: 00:00:44

Health: -6/16      AC:  2    Str: 13    XL:     2   Next: 33%
Magic:  0/3        EV: 12    Int: 10    God:
Gold:   100        SH:  0    Dex: 16    Spells: 1/1 levels left

rFire   . . .      SeeInvis .   a - +0 short sword
rCold   . . .      Faith    .   (no shield)
rNeg    . . .      Spirit   +   b - +0 robe
rPois   .          Reflect  .   (no helmet)
rElec   .          Harm     .   (no cloak)
rCorr   .          Rampage  .   (no gloves)
Will    +....                   (no boots)
Stlth   ++........              (no amulet)
HPRegen 0.05/turn               g - ring of willpower
MPRegen 0.08/turn               (no ring)

@: no status effects
A: fangs 2, magic shield, antimagic bite, no potion heal 2
a: no special abilities


You were on level 2 of the Dungeon.
You visited 1 branch of the dungeon, and saw 2 of its levels.

You collected 100 gold pieces.

Inventory:

Hand Weapons
 a - a +0 short sword (weapon)
Missiles
 e - 3 poisoned darts (quivered)
Armour
 b - a +0 robe (worn)
Jewellery
 g - a ring of willpower (left hand)
Scrolls
 d - a scroll of torment {unknown}
 f - 2 scrolls of identify {unknown}
Potions
 c - a potion of ambrosia
 h - a potion of lignification {unknown}
 i - a potion of heal wounds {unknown}


   Skills:
 * Level 2.9 Fighting
 * Level 2.9 Short Blades
 * Level 2.5 Dodging
 + Level 2.5 Stealth


You had one spell level left.
You didn't know any spells.
Your spell library contained the following spells:

 Spells                   Type           Power      Damage    Failure   Level
 Summon Small Mammal      Summ           0%         N/A       36%         1
 Call Canine Familiar     Summ           0%         N/A       75%         3
 Summon Guardian Golem    Hex/Summ       0%         N/A       75%         3


Dungeon Overview and Level Annotations

Branches:
Dungeon (2/15)

Altars:


Innate Abilities, Weirdness & Mutations

You have extremely sharp teeth.
When hurt, damage is shared between your health and your magic reserves.
Your bite disrupts and absorbs the magic of your enemies.
Potions cannot restore your health.


Message History

You closely miss the kobold. Your bite misses the kobold.
The kobold misses you.
You hit the kobold.
You kill the kobold!
No target in view!
You now have 89 gold pieces (gained 11).
You see here a +0 whip.
Done exploring.
Done exploring.
You see here 2 stones.
There is a stone staircase leading down here.
You climb downwards.
Found 4 gold pieces.
There is a stone staircase leading up here.
You now have 93 gold pieces (gained 4).
A kobold comes into view. It is wielding a +0 short sword.
You see here a coppery potion.
No target in view!
No target in view!
No target in view!
i - a coppery potion No target in view!
No target in view!
No target in view!
No target in view!
You now have 100 gold pieces (gained 7).
A gnoll comes into view. It is wielding a +0 halberd.
A gnoll comes into view. It is wielding a +0 flail.
Found a stone staircase leading up.
The gnoll shouts! x2
A gnoll comes into view. It is wielding a +0 flail.
The gnoll shouts!
The gnoll hits you from afar with a +0 halberd!
Ouch! That really hurt!
You are too injured to fight recklessly!
You are too injured to fight recklessly!
You are too injured to fight recklessly!
The gnoll hits you from afar with a +0 halberd!
Ouch! That really hurt!
You die...

####.... ...... .....
..gg #.. #g# #...##.
###.# #...... #..@#
######....# #.###
..#......# #.######
#........####.##...#
##.#.#.#...#...##.###
.......# #.#.####.#
.#.....###...#....#
.#..##.......#.####
.#..##..####...#


You could see 2 gnolls.

Vanquished Creatures
  2 endoplasms (D:1)
  A goblin (D:1)
  A hobgoblin (D:1)
  2 quokkas (D:1)
  2 frilled lizards (D:1)
  2 kobolds (D:1)
  A rat (D:1)
11 creatures vanquished.

Notes
Turn   | Place    | Note
-------+----------+-------------------------------------------
     0 | D:1      | funnyparkerb the Vine Stalker Monk began the quest for the
                  | Orb.
     0 | D:1      | Reached XP level 1. HP: 11/11 MP: 2/2
   552 | D:1      | Reached XP level 2. HP: 16/16 MP: 3/3
  1050 | D:2      | Mangled by a gnoll

Illustrated notes

Levels and vault maps discovered:
D:1:      dpeg_arrival_leaves_temple_mockup, layout_loops_ring,
          hangedman_abyss_or_decor_stabs
D:2:      layout_rooms, hellmonk_ecumenical_altar_lost_god

Action                   || total
-------------------------++-------
Melee: Short sword       ||    25
       Bite              ||     8
 Stab: Sleeping          ||     2
Armor: Robe              ||     3
Dodge: Dodged            ||     8
